 Dungeon Crawl Stone Soup version 0.15-a0-773-g3a4c672 (webtiles) character file.

5637 4tharraofdagon the Cleaver (level 10, -13/94 HPs)
             Began as a Hill Orc Gladiator on May 13, 2014.
             Was a Priest of Beogh.
             Mangled by a hill giant
             ... wielding a +0,+0 giant spiked club
              (14 damage)
             ... on Level 10 of the Dungeon.
             The game lasted 00:27:12 (3442 turns).

4tharraofdagon the Cleaver (Hill Orc Gladiator)     Turns: 3442, Time: 00:27:13

HP -13/94        AC 17     Str 19      XL: 10   Next: 74%
MP  17/17        EV  6     Int 11      God: Beogh [***...]
Gold 280         SH  0     Dex 11      Spells:  0 memorised,  9 levels left

rFire  . . .     SeeInvis .     a - +0 war axe
rCold  . . .     Clarity  .     K - +0 plate armour
rNeg   . . .     Conserve .     (no shield)
rPois  +         rCorr    .     (helmet restricted)
rElec  .         rRot     .     (no cloak)
SustAb + .       Spirit   .     Y - +0 pair of gloves (curse)
rMut   .         Warding  .     (no boots)
Gourm  .         Stasis   .     (no amulet)
MR     .....                    d - ring of sustain abilities
                                T - ring of poison resistance

@: not resistant to hostile enchantments, extremely unstealthy
A: horns 1, blurry vision 1
a: Smiting, Renounce Religion


You were on level 10 of the Dungeon.
You worshipped Beogh.
Beogh was most pleased with you.
You were very hungry.

You visited 1 branch of the dungeon, and saw 11 of its levels.
You also visited: Sewer.

You collected 385 gold pieces.
You spent 105 gold pieces at shops.

Inventory:

Hand weapons
 a - a +0,+0 war axe (weapon)
 t - a +0 blowgun
 E - a cursed +0,+0 spear
 L - a +0,+0 war axe
Missiles
 g - 8 javelins (quivered)
 w - 7 poisoned needles
 I - 23 stones
Armour
 b - a +0 leather armour
 c - a +0 helmet
 k - a +0 scale mail
 p - a +0 chain mail
 A - a +0 pair of gloves
 K - a +0 plate armour (worn)
 Y - a cursed +0 pair of gloves (worn)
Magical devices
 y - a wand of flame (5)
 z - a wand of digging (11)
 N - a wand of teleportation (1)
 R - a wand of paralysis (10)
 S - a wand of enslavement (8)
 U - a wand of paralysis (10)
Comestibles
 f - 5 meat rations
 l - 2 bread rations
 v - a banana
Scrolls
 e - a scroll of magic mapping {unknown}
 h - 2 scrolls of fear {unknown}
 m - 2 scrolls of identify
 n - 2 scrolls of teleportation
 o - 2 scrolls of enchant weapon II {unknown}
 s - a scroll of fog {unknown}
 C - a scroll of enchant armour {unknown}
 F - a scroll of enchant weapon I {unknown}
 G - a scroll of recharging {unknown}
 M - a scroll of blinking {unknown}
 O - 3 scrolls of remove curse
 Q - 2 scrolls of random uselessness {unknown}
 V - a scroll of noise {unknown}
Jewellery
 d - a ring of sustain abilities (right hand)
 B - an uncursed ring of flight
 J - an uncursed ring of teleportation
 T - a ring of poison resistance (left hand)
 W - an uncursed amulet of stasis
Potions
 i - a potion of degeneration
 j - a potion of restore abilities
 q - a potion of poison
 u - 4 potions of curing
 x - a potion of flight
 H - a potion of might
Books
 r - a book of Conjurations

   Spells                             Type                      Level
   Magic Dart                         Conjuration                  1
   Searing Ray                        Conjuration                  2
   Dazzling Spray                     Conjuration/Hexes            3
   Fulminant Prism                    Conjuration/Hexes            4
   Iskenderun's Mystic Blast          Conjuration                  4
   Iskenderun's Battlesphere          Conjuration/Charms           5


   Skills:
 + Level 10.6 Fighting
 * Level 13.9 Axes
 - Level 2.0 Throwing
 + Level 9.8 Armour
 - Level 2.4 Dodging
 - Level 2.3 Invocations
 + Level 4.3 Evocations


You had 9 spell levels left.
You didn't know any spells.

Dungeon Overview and Level Annotations

Branches:
Dungeon (11/15)
 Temple: D:4-7          Orc: D:9-12        Lair: D:8-11

Altars:
Gozag
Lugonu

Shops:
D:2 *   D:4 **

Annotations:
D:11 Nergalle


Innate Abilities, Weirdness & Mutations

You have a pair of small horns on your head.
Your vision is a little blurry.


Message History

You hit the hill giant.
The hill giant is severely wounded.
The hill giant hits you with a giant spiked club!
* * * LOW HITPOINT WARNING * * *
Quiver which item? (- for none, * to show all) (? for menu, Esc to quit)
Quivering
D - 2 throwing nets for throwing.
Throwing (i - inventory. (,) - cycle):
D - 2 throwing nets (quivered)
Press: ? - help, Shift-Dir - straight line, f/p - hill giant
Aim: a hill giant, wielding a giant spiked club (severely wounded)
You throw a throwing net. The throwing net hits the hill giant.
The hill giant is severely wounded.
The hill giant hits you with a giant spiked club!
* * * LOW HITPOINT WARNING * * *
Throwing (i - inventory. (,) - cycle):
D - a throwing net (quivered)
Press: ? - help, Shift-Dir - straight line, f/p - hill giant
Aim: a hill giant, wielding a giant spiked club (severely wounded)
You throw a throwing net. The throwing net hits the hill giant.
The hill giant is severely wounded.
The hill giant hits you with a giant spiked club!
You die...

.......# #.#T##########........
.......# #.....................
.......# #.....................
.......# #.....................
.......# #.....................
.......#####)....................
.................................
.................................
...........(((.C@................
#...........#########.###########
############# #.# ###


You could see a hill giant.

Vanquished Creatures
  Erica (D:11)
  A hill giant (D:10)
  A troll (D:10)
  2 two-headed ogres
  3 yaks (D:9)
  2 hungry ghosts (D:7)
  A black bear (D:8)
  A yellow wasp (D:6)
  5 ogres
  A phantom (D:11)
  A sky beast (D:9)
  5 centaurs
  An ice beast (D:5)
  3 big kobolds
  5 giant frogs
  Blork the orc (D:4)
  2 scorpions
  A hippogriff zombie (D:7)
  An eye of draining (D:11)
  A killer bee (D:10)
  3 wights
  4 crimson imps
  A centaur zombie (D:7)
  A jelly (D:7)
  A goliath beetle (D:9)
  A gnoll shaman (D:5)
  A hound (D:8)
  An orc wizard (D:8)
  4 worker ants
  A mummy (D:8)
  3 adders
  9 gnolls
  A green rat (Sewer)
  A gnoll zombie (D:9)
  A shadow imp (D:9)
  2 worms
  3 giant geckos
  5 oozes
  13 orcs
  A bat skeleton (D:4)
  6 giant cockroaches
  12 hobgoblins
  6 jackals
  2 ball pythons (Sewer)
  12 bats
  4 giant newts
  4 goblins
  16 kobolds
  An orc skeleton (D:4)
  An orc zombie (D:8)
  2 quokkas
  6 rats
  A rat zombie (D:6)
169 creatures vanquished.

Vanquished Creatures (collateral kills)
  A yak (D:9)
  3 centaurs (D:11)
  An ogre (D:9)
  A gnoll shaman (D:9)
  A jelly (D:9)
  2 worker ants (D:11)
  An adder (D:9)
  A gnoll (D:9)
  An orc zombie (D:9)
  A giant gecko (D:11)
  A bat (D:9)
  A quokka (D:9)
15 creatures vanquished.

Vanquished Creatures (others)
  An orc wizard (D:11)
  2 orc warriors (D:11)
  3 orc priests
  A worker ant (D:4)
  7 orcs
  A hobgoblin skeleton (D:4)
15 creatures vanquished.

Grand Total: 199 creatures vanquished

Notes
Turn   | Place    | Note
--------------------------------------------------------------
     0 | D:1      | 4tharraofdagon, the Hill Orc Gladiator, began the quest for the Orb.
     0 | D:1      | Reached XP level 1. HP: 18/18 MP: 1/1
    61 | D:1      | Reached XP level 2. HP: 20/25 MP: 2/2
   108 | D:2      | Found Gozag's Platinum Reserve.
   110 | D:2      | Found an opulent altar of Gozag.
   270 | D:3      | Reached skill level 5 in Axes
   302 | D:3      | Reached XP level 3. HP: 10/30 MP: 3/3
   380 | D:4      | Noticed a big kobold
   385 | D:3      | Reached skill level 1 in Armour
   542 | D:4      | Became a worshipper of Beogh the Brigand
   560 | D:4      | Killed a big kobold
   560 | D:4      | Reached skill level 6 in Axes
   560 | D:4      | Reached XP level 4. HP: 9/38 MP: 4/4
   588 | D:4      | Beogh protects you from harm!
   592 | D:4      | Reached XP level 5. HP: 13/45 MP: 5/5
   723 | D:4      | Found Osibet's General Store.
   729 | D:4      | Bought a scroll of identify for 28 gold pieces
   761 | D:4      | Noticed Blork the orc
   765 | D:4      | Reached skill level 9 in Fighting
   765 | D:4      | Reached skill level 11 in Axes
   765 | D:4      | Reached XP level 6. HP: 38/63 MP: 6/6
   770 | D:4      | Killed Blork the orc
   770 | D:4      | Reached skill level 1 in Invocations
   810 | D:4      | Found Kirasumo's General Store.
   829 | D:4      | Bought a potion of curing for 22 gold pieces
   829 | D:4      | Bought a potion of curing for 22 gold pieces
   829 | D:4      | Bought a potion of flight for 33 gold pieces
   842 | D:4      | Noticed an ogre
   853 | D:4      | Killed an ogre
   853 | D:4      | Reached XP level 7. HP: 35/70 MP: 8/8
   945 | D:5      | Entered Level 5 of the Dungeon
   996 | D:5      | Noticed a two-headed ogre
   999 | D:5      | Killed a two-headed ogre
  1120 | D:6      | Reached XP level 8. HP: 60/78 MP: 10/10
  1122 | D:6      | Acquired Beogh's first power
  1255 | D:5      | CAST
  1255 | D:5      | DOWN
  1255 | D:5      | THE HERETIC!
  1406 | D:6      | Reached skill level 1 in Evocations
  1478 | D:6      | Found a glowing drain.
  1485 | Sewer    | Entered a sewer
  1638 | Sewer    | Acquired Beogh's second power
  1638 | Sewer    | Reached skill level 12 in Axes
  1718 | D:7      | Reached XP level 9. HP: 49/85 MP: 12/12
  2307 | D:8      | Acquired Beogh's third power
  2557 | D:9      | Reached skill level 10 in Fighting
  2637 | D:9      | Gained mutation: You have a pair of small horns on your head. [mutagenic meat]
  2638 | D:9      | Gained mutation: Your vision is a little blurry. [mutagenic meat]
  2785 | D:9      | Reached skill level 13 in Axes
  2785 | D:9      | Reached XP level 10. HP: 48/93 MP: 13/15
  2870 | D:10     | Entered Level 10 of the Dungeon
  2938 | D:10     | Noticed a hill giant
  2948 | D:10     | Killed a hill giant
  2980 | D:11     | Noticed Erica
  3001 | D:11     | Killed Erica
  3095 | D:11     | Noticed Nergalle
  3101 | D:11     | HP: 4/94 [shadow imp/nerve-wracking pain (7)]
  3386 | D:10     | Found a corrupted altar of Lugonu.
  3434 | D:10     | Noticed a hill giant
  3441 | D:10     | HP: 1/94 [hill giant/giant spiked club (27)]
  3442 | D:10     | Mangled by a hill giant

Action                   |  1- 3 |  4- 6 |  7- 9 | 10-12 || total
-------------------------+-------+-------+-------+-------++-------
Melee: War axe           |   100 |    42 |   391 |    60 ||   593
Throw: Throwing net      |     2 |     6 |     3 |     2 ||    13
       Javelin           |       |     3 |    17 |     9 ||    29
Invok: Convert to Beogh  |     1 |       |       |       ||     1
       Smiting           |       |       |     1 |     5 ||     6
Evoke: Wand              |       |       |     8 |     1 ||     9
  Use: Potion            |     1 |     2 |     2 |     3 ||     8
       Scroll            |       |     1 |     8 |     1 ||    10
 Stab: Held in net/web   |       |       |     2 |       ||     2
       Distracted        |       |       |     2 |     1 ||     3

Vault maps used:
D:1:      sevenhm_arrival_forest_fort_small_6
D:2:      minmay_kobold_bridge, yredelemnul_forgotten_temple_becter,
          kiku_gazebo_pond_becter, eino_tiny_chamber, small_statue_intersection,
          nicolae_gozag_zags_fifth_avenue, uniq_terence
D:3:      minmay_item_behind_shaft
D:4:      serial_shops, nicolae_shop_statue_plus, nicolae_shop_statue_plus,
          kennysheep_pointless_box, uniq_blork_the_orc
D:5:      old_forge, first_bread, uniq_edmund
D:6:      lightli_sewer_entry_pipes, minmay_misc_feat_roman,
          fedhas_altar_decomposition
D:7:      minmay_temple_entry_trees, minmay_door_square, grunt_rat_hole
D:8:      due_lair_maze_entry_diamond
D:10:     kennysheep_kobold_lugonu_temple
D:11:     uniq_nergalle, uniq_erica
Sewer:    sewer_co_tree
